 Dungeon Crawl Stone Soup version 0.27-a0-1188-g73eefd5def (webtiles) character file.

Game seed: 14959030907045339599

241 siradein the Insei (level 5, -1/43 HPs)
             Began as a Vampire Monk on May 21, 2021.
             Slain by Grinder (9 damage)
             ... while paralysed by Grinder
             ... on level 3 of the Dungeon.
             The game lasted 00:06:29 (2549 turns).

siradein the Insei (Vampire Monk)                   Turns: 2549, Time: 00:06:30

Health: -1/43      AC:  7    Str: 11    XL:     5   Next: 80%
Magic:  5/5        EV:  2    Int: 13    God:
Gold:   88         SH:  0    Dex: 16    Spells: 4/4 levels left

rFire    . . .     SeeInvis +     - Unarmed
rCold    . . .     Faith    .   (no shield)
rNeg     . . .     Spirit   .   g - +0 scale mail
rPois    .         Reflect  .   (no helmet)
rElec    .         Harm     .   i - +0 cloak
rCorr    .         Rampage  .   (no gloves)
Will     .....                  (no boots)
Stlth    +.........             (no amulet)
HPRegen  0.34/turn              (no ring)
MPRegen  0.09/turn              (no ring)

@: paralysed, healing quickly
A: alive, fangs 3, see invisible, vampiric 2
a: Exsanguinate


You were on level 3 of the Dungeon.
You visited 1 branch of the dungeon, and saw 3 of its levels.

You collected 88 gold pieces.

Inventory:

Missiles
 a - a throwing net (quivered)
 n - 6 javelins
Armour
 g - a +0 scale mail (worn)
 i - a +0 cloak (worn)
Jewellery
 o - a ring of fire
Scrolls
 b - a scroll of silence {unknown}
 c - 2 scrolls of teleportation {unknown}
 d - a scroll of amnesia {unknown}
 e - a scroll of blinking {unknown}
 h - 2 scrolls of identify {unknown}
 l - a scroll of fear {unknown}
Potions
 f - a potion of curing {unknown}
 j - a potion of ambrosia {unknown}
 k - a potion of lignification {unknown}
 m - a potion of brilliance {unknown}


   Skills:
 + Level 4.6 Fighting
 - Level 3.2 Dodging
 - Level 3.0 Stealth
 + Level 5.6 Unarmed Combat


You had 4 spell levels left.
You didn't know any spells.
Your spell library contained the following spells:

 Spells                   Type           Power      Damage    Failure   Level
 Animate Skeleton         Necr           0%         N/A       89%         1
 Apportation              Tloc           0%         N/A       89%         1
 Corona                   Hex            0%         N/A       89%         1
 Summon Small Mammal      Summ           0%         N/A       89%         1


Dungeon Overview and Level Annotations

Branches:
Dungeon (3/15)

Altars:
Gozag
The Shining One

Shops:
D:2 :

Annotations:
D:3 Grinder


Innate Abilities, Weirdness & Mutations

Your natural rate of healing is accelerated.
You have razor-sharp teeth.
You have supernaturally acute eyesight. (SInv)
You are afflicted with vampirism and can become a bat while bloodless.


Message History

You hit Grinder but do no damage. Grinder closely misses you.
You hit Grinder.
Grinder is lightly wounded.
Grinder gestures at you.
You struggle to resist.
You closely miss Grinder.
Grinder is lightly wounded.
You closely miss Grinder.
Grinder is lightly wounded.
Grinder hits you.
You punch Grinder!
Grinder is moderately wounded.
Grinder hits you but does no damage.
You hit Grinder.
Grinder is moderately wounded.
Grinder gestures at you.
You suddenly lose the ability to move!
Grinder hits you.
Grinder blinks!
You can move again.
Grinder is nearby!
Grinder hits you!
You writhe in agony.
You barely miss Grinder.
Grinder is moderately wounded.
Grinder hits you.
You are too injured to fight recklessly!
You are too injured to fight recklessly!
You are too injured to fight recklessly!
You barely miss Grinder.
Grinder is moderately wounded.
Grinder hits you but does no damage.
You closely miss Grinder.
Grinder is moderately wounded.
Grinder gestures at you.
You suddenly lose the ability to move!
Grinder hits you.
You writhe in agony.
Grinder hits you.
You writhe in agony.
* * * LOW HITPOINT WARNING * * *
Grinder hits you!
You die...

..#........K....#
#.#.####..#####.#
#............##.#
.......#..##.##.#
#......#§.##.##.#
#...#.....##.##.#
.÷.......###.##.#
##...........##5####
#.........####.@).#
###.#.....# ####.#
#.......# #<#
######.....# #)# ..#
#.....# #.# #.#
####### #.# #.# #.#
.K# ..# ..# .##


You could see Grinder.

Vanquished Creatures
  An ogre (D:3)
  4 gnolls (D:2)
  4 adders (D:2)
  3 worms
  A dart slug (D:3)
  2 ball pythons
  10 endoplasms
  A giant cockroach (D:1)
  9 goblins
  4 hobgoblins
  6 quokkas
  8 bats
  5 frilled lizards
  7 kobolds
  5 rats
70 creatures vanquished.

Vanquished Creatures (others)
  A plant (D:1)
1 creature vanquished.

Grand Total: 71 creatures vanquished

Notes
Turn   | Place    | Note
-------+----------+-------------------------------------------
     0 | D:1      | siradein the Vampire Monk began the quest for the Orb.
     0 | D:1      | Reached XP level 1. HP: 17/17 MP: 1/1
   131 | D:1      | Reached XP level 2. HP: 24/24 MP: 2/2
   256 | D:1      | Found a faded altar of an unknown god.
   400 | D:1      | Reached skill level 4 in Unarmed Combat
   494 | D:1      | Gained mutation: You are afflicted with vampirism and can
                  | become a bat while bloodless. [Vampire growth]
   494 | D:1      | Reached XP level 3. HP: 29/29 MP: 3/3
  1030 | D:2      | Reached XP level 4. HP: 29/37 MP: 4/4
  1400 | D:2      | Found Udocotoz's Book Boutique.
  1750 | D:2      | Reached skill level 5 in Unarmed Combat
  2054 | D:3      | Reached XP level 5. HP: 40/42 MP: 5/5
  2072 | D:3      | Noticed an ogre
  2096 | D:3      | Killed an ogre
  2310 | D:3      | Found an opulent altar of Gozag.
  2416 | D:3      | Noticed Grinder
  2536 | D:3      | Paralysed by Grinder for 3 turns
  2546 | D:3      | Paralysed by Grinder for 5 turns
  2549 | D:3      | Slain by Grinder

Illustrated notes

Levels and vault maps discovered:
D:1:      amcnicky_arrival_flooded_fountain, layout_basic,
          basic_ecumenical_altar, serial_bayou_pond_a, minmay_hexomino_f4
D:2:      layout_loops_cross, basic_altar, serial_shops, shop
D:3:      layout_loops_cross, lemuel_round_altar, uniq_grinder

Skill      XL: |  1  2  3  4 |
---------------+-------------+-----
Fighting       | 3 4 |  4.6
Unarmed Combat | 4 5 |  5.6
Dodging        | |  3.2
Stealth        | |  3.0

Action                   |  1- 3 |  4- 6 || total
-------------------------+-------+-------++-------
Melee: Unarmed           |    99 |   133 ||   232
       Bite              |    11 |    16 ||    27
       Punch             |     2 |     1 ||     3
Throw: Throwing net      |       |     1 ||     1
 Stab: Sleeping          |    11 |       ||    11
Armor: Robe              |    12 |       ||    12
       Scale mail        |     3 |    52 ||    55
Dodge: Dodged            |    49 |    51 ||   100

Table legend: (Time is in decaauts)
 A = Elapsed time spent in this place.
 B = Non-inter-level travel time spent in this place.
 C = Inter-level travel time spent in this place.
 D = Time resting spent in this place.
 E = Time spent auto-exploring this place.
 F = Levels seen in this place.
 G = Mean time per level.
                   A        B        C        D        E       F      G
               +--------+--------+--------+--------+--------+-----+--------+
         Total |   2532 |   2454 |     78 |     63 |   1815 |   3 |  844.0 |
       Dungeon |   2532 |   2454 |     78 |     63 |   1815 |   3 |  844.0 |
               +--------+--------+--------+--------+--------+-----+--------+

Top non-repeatable levels by time:
     D:2: 1170 daAuts
     D:1: 846 daAuts
     D:3: 515 daAuts
